 Dungeon Crawl Stone Soup version 0.32-a0-685-g93135e86f0 (webtiles) character file.

Game seed: 16880850140017590728

11223 Watball the Covert (level 11, -11/47 HPs)
             Began as a Spriggan Enchanter on Mar 12, 2024.
             Was an Elder of Dithmenos.
             Hit by a silver javelin thrown by a minotaur (27 damage)
             ... on level 11 of the Dungeon.
             The game lasted 01:03:05 (17529 turns).

Watball the Covert (Spriggan Enchanter)            Turns: 17529, Time: 01:03:05

Health: -11/47     AC:  9    Str:  4    XL:     11   Next: 46%
Magic:  18/22      EV: 24    Int: 19    God:    Dithmenos [****..]
Gold:   732        SH:  0    Dex: 18    Spells: 10/24 levels left

rFire   . . .        F - +4 dagger
rCold   . . .        (no shield)
rNeg    . . .        E - +0 steam dragon scales
rPois   .            t - +1 hat
rElec   .            y - +2 cloak
rCorr   .            (gloves unavailable)
SInv    +            (boots unavailable)
Will    .....        l - amulet of the acrobat
Stlth   ++++++++     (no ring)
HPRegen 0.27/turn    (no ring)
MPRegen 0.18/turn

%: acrobat
@: weak-willed, wreathed by umbra, very quick
A: very small, no large weapons, unfitting armour, see invisible, speed 3
a: Renounce Religion, Shadow Step


You were on level 11 of the Dungeon.
You worshipped Dithmenos.
Dithmenos was greatly pleased with you.
You visited 2 branches of the dungeon, and saw 13 of its levels.
You also visited: Gauntlet.

You collected 732 gold pieces.

Inventory:

Hand Weapons
 F - a +4 dagger (weapon)
Missiles
 e - 76 stones (quivered)
 f - 38 poisoned darts
 g - 16 atropa-tipped darts
 m - 7 boomerangs
 z - 5 darts of dispersal
 B - a curare-tipped dart
Armour
 b - a +1 robe
 t - a +1 hat (worn)
 v - a +0 buckler
 y - a +2 cloak (worn)
 E - +0 steam dragon scales (worn)
 G - a +1 buckler of protection
 M - the +3 robe of Gehenna {rC+ Will+}
   (You found it in a Gauntlet)

   rC+:       It protects you from cold.
   Will+:     It increases your willpower.
Jewellery
 l - an amulet of the acrobat (around neck)
 J - the ring "Vymomneq" {rC- rN+ Int+6 Slay+3}
   (You found it in a Gauntlet)

   [ring of intelligence]

   Int+6:     It affects your intelligence (+6).
   Slay+3:    It affects your accuracy & damage with ranged weapons and melee
   (+3).
   rC-:       It makes you vulnerable to cold.
   rN+:       It protects you from negative energy.
Talismans
 N - a serpent talisman
Wands
 r - a wand of flame (23)
 s - a wand of roots (15)
 w - a wand of charming (2)
 D - a wand of digging (2)
Scrolls
 a - 3 scrolls of fear
 c - 2 scrolls of immolation
 o - 2 scrolls of noise
 q - 6 scrolls of teleportation
 C - a scroll of summoning {unknown}
 H - a scroll of enchant weapon
 K - 4 scrolls of identify
Potions
 d - 4 potions of heal wounds
 h - a potion of might
 i - 2 potions of resistance
 j - a potion of lignification
 k - 3 potions of mutation
 n - a potion of degeneration {unknown}
 p - 3 potions of brilliance {unknown}
 u - a potion of haste
 x - 3 potions of curing {unknown}
 A - 2 potions of attraction {unknown}
Miscellaneous
 I - a lightning rod (4/4)


   Skills:
 + Level 10.7 Short Blades
 - Level 10.0 Dodging
 - Level 12.1 Stealth
 - Level 7.2 Spellcasting
 - Level 1.0 Conjurations
 - Level 11.3 Hexes
 - Level 2.0 Ice Magic
 - Level 3.0 Earth Magic


You had 10 spell levels left.
You knew the following spells:

 Your Spells              Type           Power      Damage    Failure   Level
a - Ensorcelled Hibernat  Hex/Ice        64%        N/A       1%          2
b - Confusing Touch       Hex            49%        N/A       1%          3
c - Tukima's Dance        Hex            49%        N/A       1%          3
d - Dazzling Flash        Conj/Hex       60%        N/A       2%          3
e - Passwall              Erth           18%        N/A       9%          3

Your spell library contained the following spells:

 Spells                   Type           Power      Damage    Failure   Level
 Ozocubu's Armour         Ice            14%        N/A       13%         3
 Stone Arrow              Conj/Erth      28%        3d8       13%         3
 Summon Mana Viper        Hex/Summ       28%        N/A       26%         5
 Fugue of the Fallen      Necr           6%         N/A       30%         3
 Volatile Blastmotes      Fire/Tloc      12%        2d11      30%         3
 Animate Armour           Summ/Erth      24%        N/A       47%         4
 Ignite Poison            Fire/Alch      6%         N/A       69%         4
 Manifold Assault         Tloc           6%         N/A       69%         4
 Sticky Flame             Fire/Alch      6%         2d4       69%         4
 Summon Forest            Summ/Tloc      3%         N/A       95%         5
 Bombard                  Conj/Erth      7%         9d2       100%        6
 Starburst                Conj/Fire      4%         6d3       100%        6
 Summon Cactus Giant      Summ           3%         N/A       100%        6
 Ignition                 Fire           3%         3d4       100%        8
 Lehudib's Crystal Spear  Conj/Erth      7%         10d3      100%        8
 Maxwell's Capacitive Co  Air            3%         ∞         100%        8


Dungeon Overview and Level Annotations

Branches:
Dungeon (12/15)            Temple (1/1) D:6            Lair (0/5) D:10
    Orc (0/2) D:9         Gauntlet (visited)

Altars:
Ashenzari
Cheibriados
Dithmenos
Elyvilon
Fedhas
Gozag
Hepliaklqana
Kikubaaqudgha
Makhleb
Nemelex Xobeh
Okawaru
Qazlal
Ru
Sif Muna
Trog
Uskayaw
Vehumet
Wu Jian
Xom
Yredelemnul
Zin
The Shining One

Shops:
D:1 =   D:10 (

Annotations:
D:8 exclusion: two-headed ogre
D:11 Nilihum's ghost, journeyman CoAr


Innate Abilities, Weirdness & Mutations

You are very small and have problems with some larger weapons.
You are too small for most types of armour.
You have supernaturally acute eyesight. (SInv)
You cover ground extremely quickly. (Speed+++)


Message History

Aim: a minotaur, wielding a +0 long sword, wearing a +0 plate armour, wearing an amulet of the acrobat and quivering silver javelins (chance to affect: 5%)
Okay, then.
The minotaur throws a silver javelin.
The silver javelin pierces through you!!
Ouch! That really hurt!
You emit a cloud of dark smoke.
* * * LOW HITPOINT WARNING * * *
There is a stone staircase leading up here.
You climb upwards.
There is a stone staircase leading down here.
There is a stone staircase leading down here.
You climb downwards.
Level annotation: Nilihum's ghost, journeyman CoAr
There is a stone staircase leading up here.
You start resting.
HP restored.
Items here: $ ( ) ÷.
Okay, then.
As you read the scroll of vulnerability, it crumbles to dust.
The minotaur bellows!
A wave of despondency washes over your surroundings.
The minotaur throws a silver javelin.
The silver javelin pierces through you!!
Ouch! That really hurt!
You emit a cloud of dark smoke.
Casting: Ensorcelled Hibernation (safe; 1% risk of failure)
Confirm with . or Enter, or press ? or * to list all spells.
Aiming: Ensorcelled Hibernation (safe; 1% risk of failure)
Press: ? - help, Shift-Dir - straight line, f - minotaur
Aim: a minotaur, wielding a +0 long sword, wearing a +0 plate armour, wearing an amulet of the acrobat and quivering silver javelins (weak-willed, chance to affect: 35%)
The minotaur easily resists.
Casting: Ensorcelled Hibernation (safe; 1% risk of failure)
Confirm with . or Enter, or press ? or * to list all spells.
Aiming: Ensorcelled Hibernation (safe; 1% risk of failure)
Press: ? - help, Shift-Dir - straight line, f/p - minotaur
Aim: a minotaur, wielding a +0 long sword, wearing a +0 plate armour, wearing an amulet of the acrobat and quivering silver javelins (weak-willed, umbra, chance to affect: 35%)
The minotaur easily resists.
The minotaur throws a silver javelin.
The silver javelin pierces through you!!
Ouch! That really hurt!
You die...

.†.......#.....# *.#######.##....
##########.###.##*,,,,,,,#.......
#.# #..#**#####,#####)## #.# ##.#
#...#.#...#)# #.# #.#
#§#§#.#.#.#.#
#.####.####..<#.....#.##
#..........[..###.###.#.
####..###§#####..#....x..#.
#.....# #§@§§....#.#.......
#.###.###§###.#..#.#.......
#.........#*#.#.......x....
#|....###H..#,#......###g..
#.......#.....#...#.∩# #.##
##.....#.#.#.###.#.##.###.##
#......#H#.#.....#.##.##...#
#.##.###.#.#..####.##.##...#
#....#..(#.........##.##...#


You could see a minotaur (weak-willed).

Vanquished Creatures
  A centaur warrior (D:8)
  A boulder beetle (D:8)
  A tengu warrior (Gauntlet)
  2 manticores (D:11)
  Maurice (D:7)
  A gargoyle (D:12)
  An unseen horror (D:10)
  2 tengu conjurers (Gauntlet)
  A troll (D:12)
  A wyvern (D:9)
  2 vampires
  3 shadows
  3 wraiths
  2 steam dragons
  A warg (D:10)
  A water moccasin (D:7)
  Edmund (D:4)
  Duvessa (D:5)
  2 acid dragons
  2 orc warriors (D:8)
  A sky beast (D:6)
  An ogre (shapeshifter) (D:10)
  2 wolves (D:10)
  An ogre (D:5)
  6 centaurs
  3 phantoms
  2 kobold brigands
  3 bullfrogs
  9 scorpions
  4 gnoll sergeants
  Dowan (D:5)
  A killer bee (D:6)
  3 electric eels
  A howler monkey (D:4)
  3 bombardier beetles
  7 orc priests
  A jelly (D:8)
  2 hounds
  A gnoll bouda (D:10)
  Crazy Yiuf (D:7)
  A sleepcap (D:5)
  Jessica (D:2)
  4 iguanas (D:5)
  13 orc wizards
  13 gnolls
  5 adders
  A white imp (D:8)
  2 dart slugs
  3 ribbon worms (D:2)
  32 orcs
  8 ball pythons
  7 endoplasms
  7 giant cockroaches
  20 goblins
  8 hobgoblins
  4 jackals
  17 kobolds
  5 quokkas
  3 bats
  3 frilled lizards
  11 rats
  2 butterflies (D:6)
253 creatures vanquished.

Vanquished Creatures (collateral kills)
  A two-headed ogre (D:10)
  An orc warrior (D:9)
  A centaur (D:10)
  An ogre (D:6)
  A gnoll sergeant (D:9)
  Robin (D:4)
  2 gnolls (D:9)
  A kobold (D:10)
9 creatures vanquished.

Vanquished Creatures (others)
  2 dancing weapons
2 creatures vanquished.

Grand Total: 264 creatures vanquished

Notes
Turn   | Place    | Note
-------+----------+-------------------------------------------
     0 | D:1      | Watball the Spriggan Enchanter began the quest for the Orb.
     0 | D:1      | Reached XP level 1. HP: 9/9 MP: 5/5
   149 | D:1      | Reached XP level 2. HP: 13/13 MP: 7/7
   152 | D:1      | Learned a level 2 spell: Ensorcelled Hibernation
   923 | D:1      | Found Ukeew's Jewellery Emporium.
  1322 | D:2      | Reached XP level 3. HP: 16/16 MP: 5/8
  1461 | D:2      | Learned a level 3 spell: Confusing Touch
  1465 | D:2      | Learned a level 3 spell: Tukima's Dance
  2935 | D:2      | Reached XP level 4. HP: 15/21 MP: 2/10
  3314 | D:2      | Noticed Jessica
  3323 | D:2      | Killed Jessica
  3324 | D:2      | Reached skill level 1 in Ice Magic
  3460 | D:3      | Reached skill level 5 in Hexes
  3493 | D:3      | Found a hide-covered altar of Uskayaw.
  3800 | D:3      | Reached XP level 5. HP: 24/24 MP: 9/12
  3807 | D:3      | Learned a level 3 spell: Dazzling Flash
  3848 | D:3      | Found a sparkling altar of Nemelex Xobeh.
  3861 | D:3      | Found a burning altar of Makhleb.
  4767 | D:4      | Noticed Edmund
  4786 | D:4      | Killed Edmund
  4787 | D:4      | Reached skill level 5 in Spellcasting
  4787 | D:4      | Reached skill level 1 in Conjurations
  4943 | D:4      | Reached XP level 6. HP: 28/28 MP: 11/14
  5158 | D:4      | Noticed Robin
  5366 | D:4      | Killed Robin
  5998 | D:5      | Entered Level 5 of the Dungeon
  6137 | D:5      | Reached XP level 7. HP: 32/32 MP: 13/17
  6893 | D:5      | Noticed Dowan
  6894 | D:5      | Noticed Duvessa
  7004 | D:5      | Killed Duvessa
  7170 | D:5      | Killed Dowan
  7260 | D:5      | Found an ornate altar of the Wu Jian Council.
  7261 | D:5      | Found an opulent altar of Gozag.
  7969 | D:6      | Found a runed translucent door.
  7971 | D:6      | Found a runed translucent door.
  8008 | D:6      | Reached skill level 5 in Short Blades
  8008 | D:6      | Reached XP level 8. HP: 36/36 MP: 15/19
  8100 | D:6      | Found a staircase to the Ecumenical Temple.
  8111 | Temple   | Entered the Ecumenical Temple
  8121 | Temple   | Became a worshipper of Dithmenos the Shadowed
  8463 | D:6      | Found a basalt altar of Yredelemnul.
  8586 | D:6      | Reached skill level 5 in Stealth
  9039 | D:6      | Reached skill level 6 in Stealth
  9821 | D:6      | Reached skill level 5 in Dodging
  9821 | D:6      | Reached XP level 9. HP: 20/39 MP: 20/20
 10008 | D:7      | Reached * piety under Dithmenos
 10009 | D:7      | Reached skill level 7 in Stealth
 10009 | D:7      | Noticed Maurice
 10017 | D:7      | Maurice stole 16 atropa-tipped darts
 10018 | D:7      | Maurice stole 220 gold
 10021 | D:7      | Killed Maurice
 10121 | D:7      | Reached skill level 8 in Stealth
 10815 | D:7      | Found a runed translucent door.
 10816 | D:7      | Noticed Crazy Yiuf
 10823 | D:7      | Killed Crazy Yiuf
 11035 | D:8      | Reached skill level 9 in Stealth
 11239 | D:8      | You fall into a shaft and drop 2 floors!
 11239 | D:10     | Entered Level 10 of the Dungeon
 11282 | D:10     | Noticed a black mamba
 11389 | D:10     | Found a snail-covered altar of Cheibriados.
 11414 | D:10     | Found Eppu's Weapon Emporium.
 11630 | D:10     | Reached ** piety under Dithmenos
 11653 | D:10     | Noticed an unseen horror
 11660 | D:10     | Killed an unseen horror
 11661 | D:10     | Reached skill level 10 in Stealth
 11661 | D:10     | Reached XP level 10. HP: 44/44 MP: 7/21
 11903 | D:9      | Found a staircase to the Orcish Mines.
 11971 | D:8      | Noticed a two-headed ogre
 12015 | D:8      | Found a blossoming altar of Fedhas.
 12193 | D:8      | Reached skill level 10 in Hexes
 12498 | D:8      | Found a glowing silver altar of Zin.
 12675 | D:8      | Noticed a boulder beetle
 12692 | D:8      | Killed a boulder beetle
 12693 | D:8      | Reached skill level 11 in Stealth
 12722 | D:8      | Noticed a centaur warrior
 12728 | D:8      | Killed a centaur warrior
 13596 | D:9      | Reached *** piety under Dithmenos
 13739 | D:9      | Reached skill level 12 in Stealth
 13777 | D:9      | Found an ancient bone altar of Kikubaaqudgha.
 14385 | D:9      | Reached skill level 10 in Dodging
 14825 | D:10     | Found an iron altar of Okawaru.
 14866 | D:10     | Found a staircase to the Lair.
 14896 | D:10     | Learned a level 3 spell: Passwall
 15056 | D:10     | Noticed a two-headed ogre
 15074 | D:10     | Killed a two-headed ogre
 15303 | D:10     | Reached XP level 11. HP: 47/47 MP: 22/22
 15642 | D:11     | Found a gate leading to a gauntlet.
 15648 | Gauntlet | Entered a Gauntlet
 15648 | Gauntlet | Found a transporter.
 15650 | Gauntlet | Noticed a tengu warrior
 15656 | Gauntlet | Found a transporter.
 15659 | Gauntlet | Found a transporter.
 15660 | Gauntlet | Found a transporter.
 15666 | Gauntlet | Found a runed translucent gate.
 15666 | Gauntlet | Found a runed translucent gate.
 15666 | Gauntlet | Found a runed translucent gate.
 15668 | Gauntlet | Found a transporter.
 15671 | Gauntlet | Found a transporter.
 15672 | Gauntlet | Found a transporter.
 15680 | Gauntlet | Found a transporter.
 15683 | Gauntlet | Found a transporter.
 15684 | Gauntlet | Found a transporter.
 15686 | Gauntlet | Noticed an occultist
 15690 | Gauntlet | Noticed an arcanist
 15695 | Gauntlet | Found a transporter.
 15695 | Gauntlet | Found a transporter.
 15696 | Gauntlet | Found a transporter.
 15700 | Gauntlet | Found a runed translucent door.
 15700 | Gauntlet | Found a runed translucent door.
 15704 | Gauntlet | Found a transporter.
 15710 | Gauntlet | Noticed a green death
 15796 | Gauntlet | Killed a tengu warrior
 15905 | Gauntlet | Noticed a minotaur
 15929 | Gauntlet | Identified the ring "Vymomneq" {rC- rN+ Int+6 Slay+3}
 15929 | Gauntlet | Identified the +3 robe of Gehenna {rC+ Will+}
 16373 | D:11     | Found a runed translucent door.
 16374 | D:11     | Found a shimmering altar of Xom.
 16374 | D:11     | Noticed Nilihum's ghost (journeyman CoAr)
 16374 | D:11     | Noticed a +2 broad axe of chaos
 16803 | D:12     | Reached **** piety under Dithmenos
 16972 | D:12     | Reached skill level 10 in Short Blades
 17529 | D:11     | Hit by a silver javelin thrown by a minotaur

Illustrated notes

Levels and vault maps discovered:
D:1:      dpeg_arrival_pond, layout_rooms, serial_shops,
          nicolae_shop_gaudy_bauble
D:2:      layout_basic, grunt_ministairs_4, grunt_decor_clamped,
          kennysheep_jessica_study, uniq_jessica
D:3:      layout_loops_corners, mainiacjoe_overflow_cross_hatched,
          mainiacjoe_overflow_chevrons, bloody_makhleb, hex_medium
D:4:      layout_cave_pods, uniq_edmund, uniq_robin
D:5:      layout_basic, nicolae_overflow_squiral, uniq_duvessa
D:6:      lemuel_insect_pit, layout_loops_corners, kennysheep_mini_moat,
          minmay_temple_entry_mist, serial_bayou, serial_bayou_shore_b,
          serial_bayou_lagoon_a, serial_bayou_shore_a, serial_bayou_pond_d
D:7:      layout_rooms, uniq_maurice, uniq_crazy_yiuf_cottage
D:8:      layout_loops_ring, fedhas_altar_decomposition, zin_treasury,
          grunt_decor_cap, minmay_shattered_shrine
D:9:      layout_cave_pods, lemuel_doored_altar, orc_0_dummy
D:10:     layout_basic, kennysheep_slug_shrine,
          mainiacjoe_overflow_tiny_flanked, erik_lair_orcish_takeover,
          serial_shops, nicolae_shop_just_a_little_nook
D:11:     layout_basic, gauntlet_entry_generic, ebering_ghost_xom
D:12:     layout_rooms
Temple:   jpeg_temple_clearing

Skill      XL: |  1  2  3  4  5  6  7  8  9 10 11 |
---------------+----------------------------------+-----
Spellcasting   | 3 4 5 6 7 |  7.2
Hexes          | 4 5 6 7 9 11 | 11.3
Ice Magic      | 1 2 |  2.0
Conjurations   | 1 |  1.0
Short Blades   | 5 7 10 | 10.7
Dodging        | 5 8 10 | 10.0
Stealth        | 6 10 12 | 12.1
Earth Magic    | 2 3 |  3.0

Action                     |  1- 3 |  4- 6 |  7- 9 | 10-12 || total
---------------------------+-------+-------+-------+-------++-------
  Melee: Dagger            |    76 |    77 |   469 |   147 ||   769
   Cast: Ensorcelled Hiber |    69 |    59 |   106 |   101 ||   335
         Confusing Touch   |     1 |     4 |    14 |     7 ||    26
         Tukima's Dance    |       |     2 |    13 |    13 ||    28
         Dazzling Flash    |       |       |    11 |    16 ||    27
         Passwall          |       |       |       |     1 ||     1
  Evoke: Wand              |       |       |     4 |     1 ||     5
    Use: Scroll            |     3 |     5 |     7 |     3 ||    18
         Potion            |     2 |     2 |     3 |     2 ||     9
   Stab: Sleeping          |    45 |    44 |    53 |    67 ||   209
         Invisible         |       |     1 |     3 |     6 ||    10
         Confused          |       |     4 |     9 |     4 ||    17
         Distracted        |       |     1 |     1 |     1 ||     3
 Armour: Robe              |    22 |    25 |    66 |     9 ||   122
         Steam dragon scal |       |       |       |    25 ||    25
  Dodge: Dodged            |    74 |    51 |   183 |   135 ||   443

Table legend: (Time is in decaauts)
 A = Elapsed time spent in this place.
 B = Non-inter-level travel time spent in this place.
 C = Inter-level travel time spent in this place.
 D = Time resting spent in this place.
 E = Time spent auto-exploring this place.
 F = Levels seen in this place.
 G = Mean time per level.
                   A        B        C        D        E       F      G
               +--------+--------+--------+--------+--------+-----+--------+
         Total |  13244 |  12769 |    475 |   2327 |   7227 |  14 |  946.0 |
       Dungeon |  13024 |  12549 |    475 |   2292 |   7227 |  12 | 1085.3 |
        Temple |     14 |     14 |      0 |      0 |      0 |   1 |   14.0 |
      Gauntlet |    205 |    205 |      0 |     35 |      0 |   1 |  205.0 |
               +--------+--------+--------+--------+--------+-----+--------+

Top non-repeatable levels by time:
     D:6: 1555 daAuts
     D:2: 1498 daAuts
    D:10: 1475 daAuts
     D:5: 1403 daAuts
     D:9: 1356 daAuts
     D:1: 1161 daAuts
     D:3: 1137 daAuts
     D:8: 997 daAuts
     D:4: 797 daAuts
     D:7: 694 daAuts
    D:11: 597 daAuts
    D:12: 349 daAuts
Gauntlet: 205 daAuts
  Temple: 14 daAuts
